 Dungeon Crawl Stone Soup version 0.31-a0-960-g0fca184906 (webtiles) character file.

Game seed: 858946438224371085

25 Error4North the Changeling (level 2, 0/23 HPs)
             Began as a Draconian Shapeshifter on Oct 23, 2023.
             Succumbed to Crazy Yiuf's poison
             ... on level 2 of the Dungeon.
             The game lasted 00:01:51 (1019 turns).

Error4North the Changeling (Draconian Shapeshifter) Turns: 1019, Time: 00:01:51

Health: 0/23       AC:  4    Str: 16    XL:     2   Next: 86%
Magic:  2/2        EV: 12    Int: 10    God:
Gold:   55         SH:  0    Dex: 10    Spells: 1/1 levels left

rFire   . .          .
                       - Unarmed
rCold   . . .        (no shield)
rNeg    . . .        (body armour unavailable)
rPois   .            (helmet currently unavailable)
rElec   .            (cloak currently unavailable)
rCorr   .            (gloves currently unavailable)
SInv    .            (boots currently unavailable)
Will    .....        (no amulet)
Stlth   +            (no ring)
HPRegen 0.23/turn    (no ring)
MPRegen 0.08/turn

%: no passive effects
@: lethally poisoned (0 -> -2), beast-form
A: beast (slay +2), AC +4, unfitting armour, cold-blooded
a: Begin Untransformation


You were on level 2 of the Dungeon.
You were a hulking beast.
You visited 1 branch of the dungeon, and saw 2 of its levels.

You collected 55 gold pieces.

Inventory:

Missiles
 f - 2 javelins (quivered)
 h - 3 poisoned darts
Talismans
 b - a beast talisman
 c - a flux talisman
Scrolls
 e - 3 scrolls of identify {unknown}
 g - a scroll of vulnerability {unknown}
Potions
 a - a potion of lignification
 d - a potion of berserk rage {unknown}


   Skills:
 * Level 1.4 Fighting
 * Level 2.0 Dodging
 + Level 3.2 Unarmed Combat
 * Level 3.5 Shapeshifting


You had one spell level left.
You didn't know any spells.
Your spell library was empty.

Dungeon Overview and Level Annotations

Branches:
Dungeon (2/15)

Altars:

Annotations:
D:2 Crazy Yiuf


Innate Abilities, Weirdness & Mutations

You are a hulking beast.
Your limbs bulge with bestial killing power. (Slay +2)
Your plain brown scales are hard. (AC +4)
You cannot fit into any form of body armour.
You are cold-blooded and may be slowed by cold attacks.


Message History

Found a stone staircase leading down.
You now have 55 gold pieces (gained 14).
Found a hammer.
Found a runed translucent door.
Crazy Yiuf shouts!
Crazy Yiuf screams, "Gnoll!"
You open the door.
Crazy Yiuf cries, "Snurf hand sanguine!"
Crazy Yiuf hits you with a +2 quarterstaff of chaos!
Ouch! That really hurt!
* * * LOW HITPOINT WARNING * * *
You are lethally poisoned!
There is an open translucent door here.
You completely miss Crazy Yiuf. You tail-slap Crazy Yiuf.
Crazy Yiuf is moderately wounded.
* * * LOW HITPOINT WARNING * * *
You feel sick. Crazy Yiuf misses you.
You hit Crazy Yiuf.
Crazy Yiuf is moderately wounded.
* * * LOW HITPOINT WARNING * * *
You feel sick. Crazy Yiuf barely misses you.
You punch Crazy Yiuf!
Crazy Yiuf is severely wounded.
* * * LOW HITPOINT WARNING * * *
You feel sick.
Crazy Yiuf grits, "Hack return to song sizzlefizz!"
Crazy Yiuf closely misses you.
You hit Crazy Yiuf but do no damage.
Your tail-slap misses Crazy Yiuf.
Crazy Yiuf is severely wounded.
* * * LOW HITPOINT WARNING * * *
You feel sick. Crazy Yiuf barely misses you.
You hit Crazy Yiuf but do no damage.
Crazy Yiuf is severely wounded.
* * * LOW HITPOINT WARNING * * *
You feel sick.
Crazy Yiuf says, "Trifle Hive rumpyflump!"
Crazy Yiuf misses you.
You barely miss Crazy Yiuf.
You tail-slap Crazy Yiuf, but do no damage.
Crazy Yiuf is severely wounded.
You die...

#....#
..
#....#
#...##
##.##
#.##
##.#
#.##
##.#
#h#
#.g.#
#...#
#..)#
#####


You could see Crazy Yiuf.

Vanquished Creatures
  A dart slug (D:1)
  6 ball pythons (D:1)
  A bat (D:2)
  An endoplasm (D:1)
  A hobgoblin (D:1)
  4 jackals (D:1)
  3 kobolds (D:1)
  A quokka (D:1)
  A goblin (D:1)
  3 rats (D:1)
22 creatures vanquished.

Notes
Turn   | Place    | Note
-------+----------+-------------------------------------------
     0 | D:1      | Error4North the Draconian Shapeshifter began the quest for
                  | the Orb.
     0 | D:1      | Reached XP level 1. HP: 16/16 MP: 1/1
   180 | D:1      | Reached XP level 2. HP: 9/23 MP: 2/2
   659 | D:1      | Found a faded altar of an unknown god.
  1008 | D:2      | Found a runed translucent door.
  1009 | D:2      | Noticed Crazy Yiuf
  1018 | D:2      | HP: 1/23 [poisoned by Crazy Yiuf]
  1019 | D:2      | Succumbed to Crazy Yiuf's poison

Illustrated notes

Levels and vault maps discovered:
D:1:      nagdon_arrival_double_spiral, layout_loops_corners,
          basic_ecumenical_altar, kennysheep_small_spiral
D:2:      layout_basic, nicolae_concentric_dashed_squares_mild, uniq_terence,
          uniq_crazy_yiuf_cottage, uniq_natasha

Skill      XL: |  1  2 |
---------------+-------+-----
Dodging        | 2 |  2.0
Fighting       | |  1.4
Unarmed Combat | |  3.2
Shapeshifting  | |  3.5

Action                     || total
---------------------------++-------
  Melee: Unarmed           ||    63
         Tailslap          ||     8
         Punch             ||     1
   Stab: Sleeping          ||     1
 Armour: Skin              ||    37
  Dodge: Dodged            ||    48

Table legend: (Time is in decaauts)
 A = Elapsed time spent in this place.
 B = Non-inter-level travel time spent in this place.
 C = Inter-level travel time spent in this place.
 D = Time resting spent in this place.
 E = Time spent auto-exploring this place.
 F = Levels seen in this place.
 G = Mean time per level.
                   A        B        C        D        E       F      G
               +--------+--------+--------+--------+--------+-----+--------+
         Total |   1014 |   1002 |     12 |     61 |    786 |   2 |  507.0 |
       Dungeon |   1014 |   1002 |     12 |     61 |    786 |   2 |  507.0 |
               +--------+--------+--------+--------+--------+-----+--------+

Top non-repeatable levels by time:
     D:1: 950 daAuts
     D:2: 64 daAuts
